 Dungeon Crawl Stone Soup version 0.29.1-1-gd02db6906a (webtiles) character file.

Game seed: 16413517346762080233

2363 experimilk the Cleaver (level 9, 0/71 HPs)
             Began as a Palentonga Fighter on Oct 21, 2022.
             Was a Priest of Okawaru.
             Slain by an eidolon (14 damage)
             ... on level 1 of the Abyss.
             The game lasted 00:23:08 (7100 turns).

experimilk the Cleaver (Palentonga Fighter)         Turns: 7100, Time: 00:23:09

Health: 0/71       AC: 19    Str: 24 (25) XL:     9   Next: 21%
Magic:  13/13      EV:  5    Int:  8      God:    Okawaru [***...]
Gold:   232        SH:  4    Dex: 11      Spells: 8/8 levels left

rFire   . . .      SeeInvis +   g - +2 hand axe (flame)
rCold   . . .      Faith    .   c - +0 buckler
rNeg    . . .      Spirit   .   s - +4 chain mail {rPois}
rPois   +          Reflect  .   v - +0 helmet
rElec   .          Harm     .   (no cloak)
rCorr   .          Rampage  .   (no gloves)
Will    +....                   (no barding)
Stlth   ..........              (no amulet)
HPRegen 0.21/turn               a - ring of willpower
MPRegen 0.13/turn               j - ring of flight

@: about to teleport, afraid, flying, slowed, curled up, very slow
A: large, rugged brown scales 3, see invisible, deformed body, roll 1, armoured
tail, reflexive curl
a: Rolling Charge, Renounce Religion, Heroism


You were on level 1 of the Abyss.
You worshipped Okawaru.
Okawaru was most pleased with you.
You visited 2 branches of the dungeon, and saw 9 of its levels.
You visited the Abyss 1 time.

You collected 382 gold pieces.
You spent 150 gold pieces at shops.

Inventory:

Hand Weapons
 g - a +2 hand axe of flaming (weapon)
Missiles
 b - 12 poisoned darts
 d - 2 throwing nets
 z - 8 boomerangs (quivered)
Armour
 c - a +0 buckler (worn)
 s - a +4 chain mail of poison resistance (worn)
 v - a +0 helmet (worn)
Jewellery
 a - a ring of willpower (left hand)
 i - a ring of resist corrosion
 j - a ring of flight (right hand)
 D - an amulet of guardian spirit
Wands
 B - a wand of digging (6)
 E - a wand of roots (10)
Scrolls
 m - a scroll of magic mapping {unknown}
 n - a scroll of enchant armour {unknown}
 o - 3 scrolls of immolation
 r - a scroll of vulnerability {unknown}
 t - 2 scrolls of fear {unknown}
 w - a scroll of enchant weapon
Potions
 e - a potion of ambrosia {unknown}
 f - 2 potions of lignification {unknown}
 h - 4 potions of curing
 k - 2 potions of flight {unknown}
 l - 2 potions of mutation
 p - 2 potions of might
 q - 3 potions of heal wounds
 u - 3 potions of brilliance {unknown}
 x - 2 potions of berserk rage {unknown}
 A - a potion of invisibility
 C - 2 potions of haste {unknown}


   Skills:
 + Level 4.9 Fighting
 * Level 8.3(8.6) Axes
 - Level 3.5(6.4) Maces & Flails
 + Level 3.6 Throwing
 - Level 2.4 Armour
 - Level 2.6 Shields
 - Level 6.0 Invocations


You had 8 spell levels left.
You didn't know any spells.
Your spell library contained the following spells:

 Spells                   Type           Power      Damage    Failure   Level
 Apportation              Tloc           0%         N/A       99%         1
 Necrotise                Necr           0%         1d4       99%         1
 Ensorcelled Hibernation  Hex/Ice        0%         N/A       99%         2
 Gell's Gravitas          Tloc           0%         N/A       100%        3
 Lesser Beckoning         Tloc           0%         N/A       100%        3
 Spider Form              Tmut/Pois      0%         N/A       100%        3
 Teleport Other           Tloc           0%         N/A       100%        3
 Anguish                  Hex/Necr       0%         N/A       100%        4
 Fulminant Prism          Conj/Hex       0%         3d6       100%        4
 Iskenderun's Mystic Bla  Conj/Tloc      0%         2d3       100%        4
 Lee's Rapid Deconstruct  Erth           0%         3d5*      100%        5
 Summon Small Mammal      Summ           Unusable   N/A       N/A         1

Dungeon Overview and Level Annotations

Branches:
Dungeon (8/15)             Temple (1/1) D:4
   Lair: D:8-11

Altars:
Ashenzari
Cheibriados
Dithmenos
Elyvilon
Fedhas
Gozag
Hepliaklqana
Kikubaaqudgha
Makhleb
Nemelex Xobeh
Okawaru
Qazlal
Ru
Sif Muna
Trog
Uskayaw
Vehumet
Wu Jian
Xom
Yredelemnul
Zin
The Shining One

Shops:
D:3 [   D:4 (

Annotations:
D:3 1 runed translucent door, safid's ghost, amateur MiHu
D:4 1 runed translucent door, turdburglar's ghost, novice DrTm
D:8 Psyche


Innate Abilities, Weirdness & Mutations

You are completely covered in rugged brown scales. (AC +3, +7% HP)
You have supernaturally acute eyesight. (SInv)
Armour fits poorly on your strangely shaped body.
You can roll at nearby foes to attack.
You have a long armoured tail.
You curl defensively after being hit. (AC +7*)


Message History

There is a gateway leading deeper into the Abyss here.
You are suddenly pulled into a different region of the Abyss!
The ufetubus disappears in a puff of smoke! x2
You start resting.
An ufetubus comes into view.
The ufetubus hits you but does no damage.
You block the ufetubus's attack. x2; The ufetubus barely misses you.
You slash the ufetubus! You burn the ufetubus.
You kill the ufetubus!
Okawaru accepts your kill.
Okay, then.
An eidolon comes into view.
The eidolon gives a chilling moan.
As you read the scroll of teleportation, it crumbles to dust.
You feel strangely unstable.
You feel the power of the Abyss delaying your translocation!
The eidolon hits you! The eidolon drains your vigour!
You feel yourself slow down. The eidolon hits you.
You feel weakened.
Unknown command.
You barely miss the eidolon. You tail-slap the eidolon.
The eidolon is lightly damaged.
The eidolon hits you!! The eidolon drains your vigour!
You feel as though you will be slow longer.
The eidolon hits you but does no damage.
The eidolon hits you!
* * * LOW HITPOINT WARNING * * *
The eidolon hits you but does no damage.
You hit the eidolon. You burn the eidolon.
The eidolon is lightly damaged.
The eidolon gestures.
The eidolon radiates an aura of fear!
You are terrified of the eidolon!
Unknown command.
The eidolon attacks as you move away! You block the eidolon's attack.
The eidolon hits you.
* * * LOW HITPOINT WARNING * * *
The eidolon hits you but does no damage. x2
The eidolon hits you!
You die...

### . #.#..
..#.# #.#.#
..#. ##..#
#######...#
.......W..#
.....#.@.#
... ##### #


You could see an eidolon (scary).

Vanquished Creatures
  Pikel (D:6)
  Grinder (D:6)
  A steam dragon (D:5)
  A water moccasin (D:7)
  A large abomination (Abyss:1)
  2 black bears
  An ice beast (D:6)
  A sky beast (D:6)
  A centaur (D:7)
  A lemure (D:6)
  A bullfrog (D:6)
  A gnoll sergeant (D:6)
  A scorpion (D:4)
  6 orc priests
  2 hounds
  2 jellies
  3 iguanas
  4 orc wizards
  7 gnolls
  4 adders
  A shadow imp (D:6)
  2 white imps
  2 ufetubi
  3 worms
  2 dart slugs
  32 orcs
  4 endoplasms
  4 giant cockroaches
  6 goblins
  4 hobgoblins
  7 jackals
  4 quokkas
  4 ball pythons
  3 bats
  4 frilled lizards
  5 kobolds
  6 rats
135 creatures vanquished.

Vanquished Creatures (others)
  A plant (D:1)
1 creature vanquished.

Grand Total: 136 creatures vanquished

Notes
Turn   | Place    | Note
-------+----------+-------------------------------------------
     0 | D:1      | experimilk the Palentonga Fighter began the quest for the
                  | Orb.
     0 | D:1      | Reached XP level 1. HP: 19/19 MP: 1/1
   441 | D:1      | Reached XP level 2. HP: 25/25 MP: 2/2
  1085 | D:2      | Found a faded altar of an unknown god.
  1319 | D:2      | Reached XP level 3. HP: 28/31 MP: 3/3
  1551 | D:2      | Reached skill level 1 in Axes
  1775 | D:3      | Found a runed translucent door.
  1862 | D:3      | Reached skill level 2 in Axes
  1863 | D:3      | Reached XP level 4. HP: 19/37 MP: 4/4
  2053 | D:3      | Found Qagin's Antique Armour Emporium.
  2114 | D:3      | Bought a shiny chain mail for 150 gold pieces
  2274 | D:3      | Found a white marble altar of Elyvilon.
  2319 | D:3      | Noticed safid's ghost (amateur MiHu)
  2525 | D:4      | Reached skill level 3 in Axes
  2539 | D:4      | Noticed a scorpion
  2543 | D:4      | Killed a scorpion
  2544 | D:4      | Reached skill level 4 in Axes
  2544 | D:4      | Reached XP level 5. HP: 41/43 MP: 5/5
  2714 | D:4      | Found Homol's Weapon Emporium.
  2748 | D:4      | Found a staircase to the Ecumenical Temple.
  2758 | Temple   | Entered the Ecumenical Temple
  2941 | Temple   | Became a worshipper of Warmaster Okawaru
  3106 | D:4      | Found a runed translucent door.
  3106 | D:4      | Noticed turdburglar's ghost (novice DrTm)
  3123 | D:4      | Reached XP level 6. HP: 45/50 MP: 6/6
  3419 | D:5      | Entered Level 5 of the Dungeon
  3454 | D:5      | Reached skill level 5 in Axes
  3454 | D:5      | Reached skill level 1 in Throwing
  3622 | D:5      | Reached * piety under Okawaru
  3729 | D:5      | Noticed a steam dragon
  3738 | D:5      | Killed a steam dragon
  3739 | D:5      | Reached skill level 1 in Invocations
  3739 | D:5      | Gained mutation: You curl defensively after being hit. (AC
                  | +7*) [Palentonga growth]
  3739 | D:5      | Reached XP level 7. HP: 27/55 MP: 4/8
  3925 | D:5      | Reached skill level 6 in Axes
  4039 | D:5      | You are sucked into a shaft and drop 2 floors!
  4462 | D:6      | Reached ** piety under Okawaru
  4529 | D:6      | Reached XP level 8. HP: 24/63 MP: 10/10
  4747 | D:6      | Noticed Grinder
  4756 | D:6      | Killed Grinder
  4787 | D:6      | Noticed Pikel
  4807 | D:6      | Killed Pikel
  4808 | D:6      | Reached skill level 7 in Axes
  4808 | D:6      | Reached skill level 5 in Invocations
  5974 | D:6      | Reached *** piety under Okawaru
  5979 | D:6      | Reached XP level 9. HP: 52/70 MP: 13/13
  6410 | D:7      | Identified the +2 robe "Eseoch" {rElec rC+ Str-5}
  6576 | D:7      | Reached skill level 8 in Axes
  6925 | D:8      | Noticed Psyche
  6931 | Abyss:1  | Cast into level 1 of the Abyss (Psyche)
  7093 | Abyss:1  | Noticed an eidolon
  7100 | Abyss:1  | Slain by an eidolon

Illustrated notes

Levels and vault maps discovered:
D:1:      lightli_arrival_windingriver, layout_basic,
          wander_ebering_terrifying_dragon_lair
D:2:      layout_basic, hellmonk_ecumenical_altar_blasted
D:3:      layout_rooms, elyvilon_altar_5, ebering_ghost_reflecting_pool,
          serial_shops, shop, minivault_27
D:4:      layout_cave_pools, minmay_temple_entry_steel_oval, serial_shops,
          nicolae_shop_statue_plus, hellmonk_ghost_happy_afterlife,
          minmay_misc_feat_cross
D:5:      layout_loops_ring
D:6:      layout_loops_cross, kennysheep_generic_room_14, uniq_pikel,
          uniq_grinder
D:7:      layout_basic
D:8:      kennysheep_blocky_room, layout_basic, lair_entry_dummy,
          nicolae_fountain_basement, uniq_psyche, uniq_joseph, uniq_gastronok,
          uniq_erica
Temple:   mainiacjoe_temple_archimedes_tessellation
Abyss:1:  base:
D:7

Skill      XL: |  1  2  3  4  5  6  7  8  9 |
---------------+----------------------------+-----
Maces & Flails | 3 |  3.5
Axes           | 2 4 5 6 7 8 |  8.3
Throwing       | 2 3 |  3.6
Invocations    | 1 3 5 6 |  6.0
Fighting       | 4 |  4.9
Armour         | |  2.4
Shields        | |  2.6

Action                   |  1- 3 |  4- 6 |  7- 9 || total
-------------------------+-------+-------+-------++-------
Melee: Flail             |    74 |       |       ||    74
       Tailslap          |     7 |    19 |    26 ||    52
       Hand axe          |    23 |   105 |   172 ||   300
Throw: Dart              |     1 |       |       ||     1
       Boomerang         |       |       |     1 ||     1
Invok: Heroism           |       |     1 |     4 ||     5
 Abil: Rolling Charge    |    26 |    25 |    24 ||    75
  Use: Potion            |     2 |     1 |     1 ||     4
       Scroll            |     5 |     2 |     3 ||    10
Armor: Scale mail        |    45 |       |       ||    45
       Ring mail         |     4 |     1 |       ||     5
       Chain mail        |       |    51 |    78 ||   129
Dodge: Dodged            |    28 |    14 |    22 ||    64
Block: Buckler           |    21 |    17 |    22 ||    60
